 Dungeon Crawl Stone Soup version 0.31-a0-241-g00f4a5a00c (webtiles) character file.

Game seed: 17533281179690102150

41 qw the Shooter (level 3, -2/21 HPs)
             Began as a Gargoyle Hexslinger on July 12, 2023.
             Slain by a gnoll
             ... wielding a +1 heavy spear
              (4 damage)
             ... on level 2 of the Dungeon.
             The game lasted 00:00:22 (633 turns).

qw the Shooter (Gargoyle Hexslinger)                 Turns: 633, Time: 00:00:23

Health: -2/21      AC:  8    Str: 11    XL:     3   Next: 52%
Magic:  4/4        EV: 12    Int: 13    God:
Gold:   72         SH:  0    Dex: 14    Spells: 3/4 levels left

rFire   . . .        Y - +2 sling (drain)
rCold   . . .        (no shield)
rNeg    + . .        c - +0 robe
rPois   inf          g - +0 helmet
rElec   +            b - +1 cloak
rCorr   .            (no gloves)
SInv    .            (no boots)
Will    .....        (no amulet)
Stlth   +            (no ring)
HPRegen 0.23/turn    (no ring)
MPRegen 0.09/turn

%: no passive effects
@: no status effects
A: sickness immunity, AC +3, negative energy resistance 1, electricity
resistance, torment resistance 1, petrification resistance
a: no special abilities


You were on level 2 of the Dungeon.
You visited 1 branch of the dungeon, and saw 2 of its levels.

You collected 72 gold pieces.


Innate Abilities, Weirdness & Mutations

You are immune to sickness and miasma.
Your stone body is resilient. (AC +3)
You are immune to poison.
You resist negative energy. (rN+)
You are resistant to electric shocks. (rElec)
You are resistant to unholy torment.
You are immune to petrification.


   Skills:
 - Level 2.1 Fighting
 + Level 3.4 Ranged Weapons
 - Level 1.5 Dodging
 - Level 1.0 Spellcasting
 - Level 2.6 Hexes


You had 3 spell levels left.
You knew the following spells:

 Your Spells              Type           Power      Damage    Failure   Level
a - Slow                  Hex            28%        N/A       10%         1

Your spell library contained the following spells:

 Spells                   Type           Power      Damage    Failure   Level
 Inner Flame              Hex/Fire       4%         N/A       43%         3
 Portal Projectile        Hex/Tloc       8%         N/A       43%         3
 Cause Fear               Hex            3%         N/A       67%         4

Inventory:

Hand Weapons
 Y - a +2 sling of draining (weapon)
Armour
 b - a +1 cloak (worn)
 c - a +0 robe (worn)
 g - a +0 helmet (worn)
 h - a +0 leather armour
Scrolls
 f - a scroll of vulnerability {unknown}
Potions
 a - a potion of brilliance {unknown}
 d - a potion of mutation {unknown}
 e - a potion of might {unknown}

Dungeon Overview and Level Annotations

Branches:
Dungeon (2/15)

Altars:

Shops:
D:1 [

Annotations:
D:2 exclusion: gnoll


Message History

Enter note:
h - a +0 leather armour 3 gnolls come into view.
A gnoll is wielding a +1 heavy spear.
Enter note:
615 ||| Stepping ~*~*~tactically~*~*~ (outnumbered).
The gnoll shouts! x2; You hear a shout!
617 ||| Stepping ~*~*~tactically~*~*~ (outnumbered).
You shoot a sling bullet. The sling bullet hits the gnoll.
The gnoll is lightly wounded.
The gnoll hits you from afar with a +1 heavy spear!
Ouch! That really hurt!
Enter note:
619 ||| UPGRADING to +0 helmet.
The gnoll barely misses you.
You start putting on your armour.
You continue putting on your +0 helmet. x2
The gnoll closely misses you.
You continue putting on your +0 helmet.
The gnoll barely misses you.
You continue putting on your +0 helmet.
You finish putting on your +0 helmet.
624 ||| UPGRADING to +0 leather armour.
The gnoll hits you from afar with a +1 heavy spear.
You stop removing your armour.
625 ||| UPGRADING to +0 leather armour.
The gnoll hits you from afar with a +1 heavy spear.
You stop removing your armour.
626 ||| UPGRADING to +0 leather armour.
You start removing your armour.
You continue taking off your +0 robe.
The gnoll barely misses you.
You continue taking off your +0 robe.
The gnoll hits you from afar with a +1 heavy spear!
You stop removing your armour.
629 ||| UPGRADING to +0 leather armour.
You start removing your armour.
You continue taking off your +0 robe.
The gnoll barely misses you.
You continue taking off your +0 robe.
The gnoll barely misses you.
You continue taking off your +0 robe. x2
The gnoll hits you from afar with a +1 heavy spear.
You die...

##.....#
###########.#.#
#.............####
######..........##....#
................###.#.#
######..........# #.#..
#...............###[.##
#.####.#.#######.......
#@#.# #....... #.#.#
#....... ..gg..g.#.#
#....... ##.######.#
#....... .# #.......
########


You could see a gnoll.

Vanquished Creatures
  A dart slug (D:1)
  3 ball pythons (D:1)
  3 bats
  6 endoplasms
  4 hobgoblins (D:1)
  7 jackals
  4 quokkas (D:1)
  A kobold (D:1)
  A rat (D:1)
30 creatures vanquished.

Notes
Turn   | Place    | Note
-------+----------+-------------------------------------------
     0 | D:1      | qw the Gargoyle Hexslinger began the quest for the Orb.
     0 | D:1      | Reached XP level 1. HP: 12/12 MP: 2/2
     0 | D:1      | 0 ||| qw: Version: 0.3-a-52-g30416fa
     0 | D:1      | 0 ||| qw: Game counter: 6196
     0 | D:1      | 0 ||| qw: Melee chars always use a shield: true
     0 | D:1      | 0 ||| qw: God list: Okawaru
     0 | D:1      | 0 ||| qw: Allow faded altars: false
     0 | D:1      | 0 ||| qw: Do Orc after clearing Dungeon:15 true
     0 | D:1      | 0 ||| qw: Do second Lair branch before Depths: true
     0 | D:1      | 0 ||| qw: Lair rune preference: random
     0 | D:1      | 0 ||| qw: Goals: Normal
     0 | D:1      | 0 ||| PLANNING D:1-11
    65 | D:1      | Reached XP level 2. HP: 16/16 MP: 3/3
   112 | D:1      | 112 ||| DROPPING scroll of poison.
   199 | D:1      | Reached skill level 3 in Ranged Weapons
   223 | D:1      | Found Zoboi's Antique Armour Boutique.
   231 | D:1      | 231 ||| SHOPLISTING dyed leather armour (120 gold, have
                  | 17).
   231 | D:1      | 231 ||| SHOPLISTING embroidered robe (88 gold, have 17).
   231 | D:1      | 231 ||| SHOPLISTING helmet (108 gold, have 17).
   231 | D:1      | 231 ||| SHOPLISTING leather armour (48 gold, have 17).
   231 | D:1      | 231 ||| SHOPLISTING ring mail (96 gold, have 17).
   231 | D:1      | 231 ||| SHOPLISTING troll leather armour (360 gold, have
                  | 17).
   281 | D:1      | Reached XP level 3. HP: 18/21 MP: 4/4
   488 | D:1      | 488 ||| UPGRADING to +1 cloak.
   493 | D:1      | 493 ||| READING scroll labelled FIOTUF GONUWK.
   498 | D:1      | 498 ||| READING scroll labelled NIRHUO OGGUIH.
   499 | D:1      | 499 ||| READING scroll labelled YGODEHE FIUN.
   524 | D:2      | 524 ||| STAIRDANCE
   615 | D:2      | 615 ||| Stepping ~*~*~tactically~*~*~ (outnumbered).
   617 | D:2      | 617 ||| Stepping ~*~*~tactically~*~*~ (outnumbered).
   619 | D:2      | 619 ||| UPGRADING to +0 helmet.
   624 | D:2      | 624 ||| UPGRADING to +0 leather armour.
   625 | D:2      | 625 ||| UPGRADING to +0 leather armour.
   626 | D:2      | 626 ||| UPGRADING to +0 leather armour.
   628 | D:2      | HP: 1/21 [gnoll/+1 heavy spear (8)]
   629 | D:2      | 629 ||| UPGRADING to +0 leather armour.
   633 | D:2      | Slain by a gnoll

Levels and vault maps discovered:
D:1:      minmay_arrival_shoal_huts, layout_rooms, serial_shops,
          nicolae_shop_dealshenge, serial_bayou_lagoon_a
D:2:      layout_basic, dreamdust_ecumenical_altar_sealed_demon, uniq_robin

Skill      XL: |  1  2  3 |
---------------+----------+-----
Ranged Weapons | 3 |  3.4
Fighting       | 2 |  2.1
Dodging        | |  1.5
Spellcasting   | |  1.0
Hexes          | |  2.6

Action                     || total
---------------------------++-------
   Fire: Sling             ||    77
    Use: Scroll            ||     3
 Armour: Robe              ||    13
  Dodge: Dodged            ||    42

Table legend:
 A = Non-vault XP
 B = Vault XP
 C = Vault XP percentage of total XP
 D = Non-vault monster count
 E = Vault monster count
 F = Vault count percentage of total count
                 A         B        C        D         E       F
            +---------+---------+-------+---------+---------+-------
      Total |      59 |       0 |   0.0 |      30 |       0 |   0.0
            +---------+---------+-------+---------+---------+-------
        D:1 |      51 |       0 |   0.0 |      26 |       0 |   0.0
        D:2 |       8 |       0 |   0.0 |       4 |       0 |   0.0
            +---------+---------+-------+---------+---------+-------
